Map: Acropolis LE

Players

ZeroTV - Winner!

  • Race: Protoss Protoss
  • League: Master
  • Spawn Location: 5:00

zuka

  • Race: Protoss Protoss
  • League: Master
  • Spawn Location: 11:00

VOD

Have the link to the VOD?

Description

Time

  • Played on: June 12, 2019, 2:37 p.m.
  • Length: 6:49
Show
View Real Time Build Order
Export as new Build Order

ZeroTV Protoss - Winner!

Build Orders:  

Get SALT Encoding   

  12  0:00  Probe  
  13  0:12  Probe  
  14  0:16  Pylon  
  14  0:21  Probe  
  15  0:30  Probe  
  16  0:38  Gateway  
  16  0:48  Probe  
  17  0:50  Assimilator  
  17  0:58  Probe  
  17  1:03  Forge  
  18  1:07  Probe  
  19  1:16  Pylon  
  19  1:28  Cybernetics Core  
  19  1:40  Photon Cannon  
  19  1:51  Photon Cannon  
  19  1:58  Stalker  
  19  2:03  Pylon  
  21  2:34  Warp Gate  
  21  2:35  Stalker  
  23  2:46  Probe  
  23  2:50  Gateway  
  24  2:58  Assimilator  
  24  2:59  Probe  
  25  3:09  Stalker  
  27  3:28  Shield Battery  
  27  3:36  Pylon  
  27  3:46  Probe  
  28  3:58  Probe  
  28  4:01  Twilight Council  
  29  4:03  Gateway  
  31  4:14  Gateway  
  29  4:23  Stalker  
  31  4:24  Stalker  
  31  4:26  Blink  
  33  4:47  Stalker  
  33  4:48  Stalker  
  31  5:19  Stalker, Pylon  
  31  5:21  Pylon  
  29  5:37  Stalker  
  29  5:38  Stalker  
  29  5:42  Stalker  
  33  5:44  Stalker  
  33  5:49  Gateway  
  33  6:01  Stalker  
  35  6:05  Stalker  
  35  6:10  Stalker  
  39  6:27  Pylon  
Show
View Real Time Build Order
Export as new Build Order

zuka Protoss 

Build Orders:  

Get SALT Encoding   

  12  0:01  Probe  
  13  0:13  Probe  
  14  0:18  Pylon  
  14  0:22  Probe  
  15  0:32  Probe  
  15  0:38  Forge  
  16  0:56  Pylon  
  16  1:15  Photon Cannon, Gateway  
  16  1:22  Probe  
  16  1:23  Photon Cannon  
  17  1:27  Gateway  
  17  1:30  Probe  
  17  1:38  Assimilator  
  18  1:42  Assimilator  
  18  1:51  Probe  
  19  2:00  Pylon  
  19  2:04  Probe  
  20  2:17  Probe  
  20  2:21  Cybernetics Core  
  21  2:25  Assimilator  
  20  2:30  Pylon  
  20  2:32  Probe  
  21  2:49  Photon Cannon  
  21  3:05  Photon Cannon  
  21  3:07  Photon Cannon  
  21  3:10  Photon Cannon  
  20  3:23  Stargate  
  20  3:30  Pylon  
  20  3:35  Photon Cannon  
  20  3:52  Shield Battery  
  20  3:53  Void Ray  
  20  4:01  Shield Battery  
  24  4:16  Pylon  
  24  4:25  Void Ray  
  28  4:47  Shield Battery  
  28  5:05  Void Ray  
  28  5:07  Shield Battery  
  32  5:19  Shield Battery  
  32  5:30  Shield Battery  
  32  5:39  Void Ray  
  36  6:07  Shield Battery, Pylon  
Tags
 
Matchup
PvP
Spawn Locations
Cross Positions
Add a new tag
Caveats
  • Supply blocks, unpowered buildings, or Contaminate may cause inaccurate times.
  • Supply counts are checked every 10 seconds.